Unix NetHack Version 3.7.0-71 Work-in-progress - last build Jan 31 2023 02:41:03 (7ba98a1283f2b7cec35fde026edb48fc825ab8ae,branch:master). Game began 2023-02-05 21:26:06, ended 2023-02-05 21:49:35. galadriel, neutral female human Priestess --------------- |...........f@| # |...........B.| ###-........<....| ---------.----- ### # # ####### ## ##### -----|----- |v........| |.........| |.........| ----------- Galadriel the Acolyte St:11 Dx:13 Co:12 In:12 Wi:18 Ch:8 Neutral S:610 Dlvl:5 $:144 HP:0(25) Pw:28(28) AC:3 Xp:3/55 T:2205 Latest messages: The housecat bites the yellow mold. The yellow mold is killed! You don't have anything to eat. You descend the stairs. You swap places with your housecat. You hear some noises in the distance. You are beginning to feel weak. You stop searching. Your movements are slowed slightly because of your load. Are you sure you want to pray? [yn] (n) y You begin praying to Hermes. You are surrounded by a shimmering light. You finish your prayer. You feel that Hermes is pleased. Your stomach feels content. Your movements are now unencumbered. You swap places with your housecat. The door opens. The giant bat just misses! The giant bat misses! You stop. Your housecat is in the way! The giant bat bites! The giant bat bites! The giant bat bites! The giant bat misses! The giant bat bites! The giant bat bites! The giant bat bites! The housecat misses the giant bat. The giant bat just misses! The housecat misses the giant bat. The housecat bites the giant bat. The housecat bites the giant bat. The giant bat misses the housecat. The housecat misses the giant bat. The housecat bites the giant bat. The giant bat bites the housecat. The housecat misses the giant bat. The housecat misses the giant bat. The giant bat misses! The giant bat bites! You miss the giant bat. The housecat misses the giant bat. The giant bat bites! You miss the giant bat. The housecat misses the giant bat. The giant bat misses! The giant bat bites! You die... Do you want your possessions identified? [ynq] (y) q Inventory: Coins $ - 144 gold pieces Weapons l - 23 +0 darts a - a blessed +1 mace (weapon in hand) Armor B - a blessed +0 orcish helm (being worn) c - a +0 small shield (being worn) b - a +0 robe (being worn) m - a +0 studded leather armor (being worn) Scrolls r - 2 scrolls of amnesia s - a scroll of identify v - a cursed scroll of teleportation Spellbooks h - a spellbook of cure sickness g - a spellbook of detect monsters Potions t - a potion of extra healing d - 4 potions of holy water o - a potion of water Wands w - a wand of digging (0:4) Tools j - a brass lantern k - a cursed skeleton key Gems/Stones n - a cursed obsidian stone u - a worthless piece of green glass Galadriel the Priestess's attributes: Background: You were an Acolyte, a level 3 human Priestess. You were neutral, on a mission for Hermes who was opposed by Athena (lawful) and Poseidon (chaotic). You were in the Dungeons of Doom, on level 5. You entered the dungeon 2205 turns ago. There was a full moon in effect when your adventure ended. You had 55 experience points, 25 more were needed to attain level 4. Your score was 610 before end-of-game adjustments. Basics: You had 0 out of 25 hit points. You had all 28 energy points (spell power). Your armor class was 3. Your wallet contained 144 zorkmids. Autopickup was off. Final Characteristics: Your strength was 11 (limit:18/100). Your dexterity was 13 (limit:18). Your constitution was 12 (limit:18). Your intelligence was 12 (limit:18). Your wisdom was 18 (limit:18). Your charisma was 8 (limit:18). Final Status: You were not hungry. You were unencumbered. You were wielding a mace. You had basic skill with mace. Final Attributes: You were fervently aligned. You were guarded. You were lucky. You are dead. Miscellaneous: You never encountered a bones level. Total elapsed playing time was 23 minutes and 28 seconds. Major events: Turn 1: galadriel the neutral human Priestess entered the dungeon 1073: entered the Gnomish Mines 1463: attained the rank of Acolyte (level 3) 2205: killed by a giant bat Vanquished creatures: a small mimic a little dog 2 orc zombies an acid blob a coyote a hobbit a hobgoblin 2 cave spiders a yellow mold 3 geckos a jackal 2 foxes 2 goblins a grid bug 5 lichens 2 kobold zombies 5 newts 32 creatures vanquished. No species were genocided or became extinct. Voluntary challenges: You read items or engraved 1 time. You never engraved Elbereth. You never genocided any monsters. You never polymorphed an object. You never changed form. You used no wishes. Achievements: You entered a shop. You entered the Gnomish Mines. You attained the rank of Acolyte. The Dungeons of Doom: levels 1 to 5 Level 1: A fountain. Level 2: A general store, a fountain. Level 3: An altar to Hermes. Stairs down to The Gnomish Mines. Level 4: Some fountains. Level 5: <- You were here. Final resting place for you, killed by a giant bat. The Gnomish Mines: Level 4: Game over: ---------- / \ / REST \ / IN \ / PEACE \ / \ | galadriel | | 144 Au | | killed by a | | giant bat | | | | | | 2023 | *| * * * | * _________)/\\_//(\/(/\)/\//\/|_)_______ Goodbye galadriel the Priestess... You died in The Dungeons of Doom on dungeon level 5 with 596 points, and 144 pieces of gold, after 2205 moves. You were level 3 with a maximum of 25 hit points when you died.